 Dungeon Crawl Stone Soup version 0.30.1-1-g62c8e00024 (webtiles) character file.

Game seed: 13223841834089304803

49999 Wiggles the Axe Maniac (level 14, -4/105 HPs)
             Began as a Minotaur Berserker on July 14, 2023.
             Was the Champion of Trog.
             Slain by a catoblepas (15 damage)
             ... on level 5 of the Lair of Beasts.
             The game lasted 00:32:00 (16895 turns).

Wiggles the Axe Maniac (Minotaur Berserker)        Turns: 16895, Time: 00:32:01

Health: -4/105     AC: 18    Str: 33    XL:     14   Next: 18%
Magic:  14/14      EV: 13    Int:  6    God:    Trog [******]
Gold:   989        SH:  0    Dex: 10    Spells: 13/13 levels left

rFire   . . .        N - +4 executioner's axe (flame)
rCold   . . .        (shield currently unavailable)
rNeg    . . .        t - +0 plate armour
rPois   +            Q - +3 hat "Zufonije" {Int+2}
rElec   .            g - +2 cloak {rPois}
rCorr   .            (no gloves)
SInv    .            H - +0 pair of boots
Will    +....        (no amulet) Stlth
                     U - +6 ring of strength
HPRegen 0.37/turn    e - +5 ring of evasion
MPRegen 0.14/turn

%: no passive effects
@: very slow
A: horns 2, retaliatory headbutt
a: Renounce Religion, Berserk, Trog's Hand, Brothers in Arms


You were on level 5 of the Lair of Beasts.
You worshipped Trog.
Trog was exalted by your worship.
You visited 2 branches of the dungeon, and saw 17 of its levels.
You also visited: Ossuary.

You collected 1077 gold pieces.
You spent 88 gold pieces at shops.

Inventory:

Hand Weapons
 N - a +4 executioner's axe of flaming (weapon)
Missiles
 V - 2 throwing nets (quivered)
Armour
 g - a +2 cloak of poison resistance (worn)
 t - a +0 plate armour (worn)
 H - a +0 pair of boots (worn)
 Q - the +3 hat "Zufonije" (worn) {Int+2}
   (You acquired it on level 3 of the Lair of Beasts)

   Int:       It affects your intelligence (+2).
 S - a +1 hat of see invisible
Jewellery
 e - a +5 ring of evasion (right hand)
 h - an amulet of magic regeneration
 m - a +6 ring of dexterity
 p - a +4 ring of protection
 x - a ring of positive energy
 C - a ring of resist corrosion
 K - a ring of positive energy
 R - a ring of positive energy
 T - a +5 ring of evasion
 U - a +6 ring of strength (left hand)
 X - a ring of fire
Wands
 i - a wand of paralysis (15)
 j - a wand of mindburst (3)
 y - a wand of flame (44)
 F - a wand of light (10)
 G - a wand of iceblast (26)
 O - a wand of polymorph (4)
Scrolls
 c - 3 scrolls of fear
 l - 4 scrolls of vulnerability
 n - 7 scrolls of poison
 q - 6 scrolls of teleportation
 D - 2 scrolls of fog
 E - 4 scrolls of immolation
 I - a scroll of magic mapping
 W - a scroll of silence
Potions
 a - a potion of invisibility
 b - 14 potions of curing
 d - 3 potions of haste
 f - 2 potions of might
 k - 5 potions of lignification
 o - 3 potions of resistance
 r - a potion of heal wounds
 s - 4 potions of ambrosia
 u - 2 potions of degeneration
 v - 2 potions of attraction
 w - 3 potions of cancellation
 z - 4 potions of mutation
 A - 2 potions of flight
 B - a potion of magic
 J - 4 potions of brilliance
 P - a potion of berserk rage
Miscellaneous
 L - a condenser vane
 M - a piece from Xom's chessboard (15/15)


   Skills:
 - Level 4.4 Fighting
 + Level 2.0(2.5) Short Blades
 + Level 2.5(3.0) Long Blades
 O Level 27 Axes
 + Level 2.2 Staves
 + Level 2.1 Ranged Weapons
 + Level 1.8 Throwing
 - Level 2.5 Armour
 - Level 2.6 Dodging
 - Level 0.3 Stealth
 + Level 1.9 Unarmed Combat
 + Level 1.8 Invocations
 + Level 1.6 Evocations


You had 13 spell levels left.
You didn't know any spells.
Your spell library was empty.

Dungeon Overview and Level Annotations

Branches:
Dungeon (12/15)            Temple (0/1) D:7            Lair (5/5) D:8
  Swamp (0/4) Lair:3       Spider (0/4) Lair:3        Slime (0/5) Lair:4
    Orc (0/2) D:9         Ossuary (visited)

Altars:
Cheibriados
Elyvilon
Fedhas
Nemelex Xobeh
Okawaru
Qazlal
Uskayaw
Vehumet
Yredelemnul
Zin
The Shining One
Jiyva

Shops:
D:5 !?[:

Annotations:
D:9 3 runed translucent doors, anacleto's ghost, novice TrGl
D:12 3 runed translucent doors, SweetJohnnyV's ghost, journeyman MiBe
Lair:1 2 transporters, exclusion: oklob plant, superradish's ghost, journeyman VSBr


Innate Abilities, Weirdness & Mutations

You have a pair of horns on your head.
You reflexively headbutt those who attack you in melee.


Message History

You turn to flesh and can move again.
Your unstable footing causes you to fumble your attack.
The catoblepas breathes a plume of calcifying dust at you.
The blast of calcifying dust hits you.
Unknown command.
You hit the catoblepas. You burn the catoblepas.
The catoblepas is severely wounded.
You are engulfed in calcifying dust.
You are slowing down.
The catoblepas gores you.
Your unstable footing causes you to fumble your attack.
You are engulfed in calcifying dust.
Your limbs have turned to stone.
The catoblepas gores you but does no damage.
You have turned to stone.
You are engulfed in calcifying dust.
The catoblepas gores you.
You are engulfed in calcifying dust.
The catoblepas gores you!!
* * * LOW HITPOINT WARNING * * *
The catoblepas gores you but does no damage.
The catoblepas gores you!!
* * * LOW HITPOINT WARNING * * *
The catoblepas breathes a plume of calcifying dust at you.
The blast of calcifying dust hits you but does no damage.
You are engulfed in calcifying dust.
The catoblepas gores you.
* * * LOW HITPOINT WARNING * * *
You are engulfed in calcifying dust.
The catoblepas gores you.
* * * LOW HITPOINT WARNING * * *
You are engulfed in calcifying dust.
The catoblepas breathes a plume of calcifying dust at you.
The blast of calcifying dust hits you but does no damage.
The catoblepas gores you.
* * * LOW HITPOINT WARNING * * *
You turn to flesh and can move again.
You hit the catoblepas but do no damage.
The catoblepas is heavily wounded.
You barely miss the catoblepas.
The catoblepas is heavily wounded.
The catoblepas gores you but does no damage.
Your unstable footing causes you to fumble your attack.
The catoblepas gores you!
You die...

#<......#
##...^....
#.......## ##
##[.....##
#.####........#
###...≈#†......##
...$...≈........#
......Y≈...≈≈....
.....≈≈@..≈~.....
...~≈...§≈~......
....≈≈...§......(
.....≈≈≈.........
.......≈≈≈.......
.....<.......≈...
............≈§#.
#####..#.....≈≈.
##.#.......#


You could see a catoblepas.

Vanquished Creatures
  Gastronok (Lair:2)
  Harold (Lair:2)
  A two-headed ogre (D:11)
  2 boulder beetles
  6 death yaks (Lair:2)
  A skyshark (Lair:3)
  2 lindwurms (Lair:3)
  A deep elf pyromancer (D:12)
  An ugly thing (D:11)
  7 elephants
  A cyclops (D:11)
  A black mamba (Lair:4)
  Joseph (D:8)
  2 gargoyles
  3 torpor snails
  Maggie (Lair:2)
  An unseen horror (D:12)
  9 cane toads
  11 komodo dragons
  3 rime drakes
  2 burning bushes (Lair:4)
  2 trolls
  6 hornets
  8 blink frogs
  6 dream sheep (Lair:4)
  A slime creature (D:10)
  A shadow (D:12)
  12 spriggans (Lair:3)
  A wraith (D:10)
  62 yaks
  6 wyverns
  Eustachio (D:6)
  Grum (D:8)
  A steam dragon (D:6)
  4 vampire mosquitoes (D:10)
  Edmund (D:4)
  A death yak simulacrum (Lair:4)
  An acid dragon (D:9)
  21 water moccasins
  A sky beast (D:7)
  A swamp drake (Lair:3)
  3 black bears
  5 orc warriors
  6 ogres
  3 boggarts (Lair:3)
  12 wolves
  4 centaurs
  2 elf zombies (Ossuary)
  5 kobold brigands
  3 scorpions
  16 bullfrogs
  A cane toad simulacrum (Lair:4)
  3 gnoll sergeants
  8 wights (D:9)
  5 killer bees (D:7)
  A howler monkey (D:12)
  A centaur zombie (Ossuary)
  5 hounds
  A jelly (D:6)
  2 human zombies (Ossuary)
  3 orc priests
  Natasha (thrice) (D:4)
  4 iguanas
  9 orc wizards
  A sleepcap (D:8)
  4 hell rats (Lair:1)
  A polar bear simulacrum (Lair:4)
  3 mummies (Ossuary)
  7 gnolls
  6 adders
  A white imp (D:6)
  An ufetubus (D:7)
  5 adder zombies (Ossuary)
  3 worms
  32 orcs
  3 bats (D:1)
  7 endoplasms
  3 giant cockroaches
  2 gnoll zombies (Ossuary)
  3 goblins
  11 hobgoblins
  2 jackals (D:3)
  15 kobolds
  6 quokkas
  12 ball pythons
  6 frilled lizards
  9 goblin zombies
  3 hobgoblin zombies (Ossuary)
  2 jackal zombies (Ossuary)
  3 kobold zombies (Ossuary)
  2 orc zombies (Ossuary)
  3 quokka zombies (Ossuary)
  4 rats
  3 rat zombies
464 creatures vanquished.

Vanquished Creatures (collateral kills)
  Josephine (D:10)
  A troll (D:10)
  2 slime creatures (D:10)
  4 wraiths (D:10)
  A black bear (D:7)
  A kobold brigand (D:7)
  An orc priest (D:7)
  An orc wizard (D:7)
  A kobold (D:7)
13 creatures vanquished.

Vanquished Creatures (others)
  A kobold (D:7)
1 creature vanquished.

Grand Total: 478 creatures vanquished

Notes
Turn   | Place    | Note
-------+----------+-------------------------------------------
     0 | D:1      | Wiggles the Minotaur Berserker began the quest for the Orb.
     0 | D:1      | Reached XP level 1. HP: 19/19 MP: 0/0
   104 | D:1      | Reached skill level 4 in Axes
   175 | D:1      | Reached XP level 2. HP: 23/27 MP: 1/1
   470 | D:1      | Found a faded altar of an unknown god.
   529 | D:1      | Reached ** piety under Trog
   678 | D:2      | Reached XP level 3. HP: 21/33 MP: 2/2
  1300 | D:2      | Reached skill level 5 in Axes
  1463 | D:3      | Reached XP level 4. HP: 41/41 MP: 3/3
  1611 | D:3      | Found a stormy altar of Qazlal.
  1944 | D:4      | Noticed Natasha
  1954 | D:4      | Killed Natasha
  2056 | D:4      | Found a sparkling altar of Nemelex Xobeh.
  2060 | D:4      | Noticed Natasha
  2070 | D:4      | Killed Natasha
  2071 | D:4      | Reached skill level 6 in Axes
  2071 | D:4      | Reached XP level 5. HP: 35/47 MP: 4/4
  2211 | D:4      | Reached *** piety under Trog
  2298 | D:4      | Noticed an ogre
  2300 | D:4      | Noticed Edmund
  2304 | D:4      | Killed an ogre
  2305 | D:4      | Reached skill level 7 in Axes
  2305 | D:4      | Reached XP level 6. HP: 53/53 MP: 5/5
  2327 | D:4      | Killed Edmund
  2328 | D:4      | Reached skill level 8 in Axes
  2365 | D:4      | Noticed Natasha
  2372 | D:4      | Killed Natasha
  2436 | D:4      | Reached skill level 9 in Axes
  2539 | D:4      | Reached XP level 7. HP: 56/60 MP: 6/6
  2594 | D:4      | Found a glowing silver altar of Zin.
  2698 | D:5      | Entered Level 5 of the Dungeon
  2828 | D:5      | Found Xaxaess's Magic Scroll Shop.
  2830 | D:5      | Found Raituem's Book Shop.
  2830 | D:5      | Found Ubbokuug's Distillery.
  2832 | D:5      | Found Bocwir's Antique Armour Shop.
  2836 | D:5      | Bought a scroll of identify for 28 gold pieces
  2845 | D:5      | Bought a potion of heal wounds for 60 gold pieces
  3049 | D:5      | Reached skill level 10 in Axes
  3305 | D:6      | Noticed Eustachio
  3321 | D:6      | Reached skill level 11 in Axes
  3321 | D:6      | Reached XP level 8. HP: 56/67 MP: 7/7
  3342 | D:6      | Killed Eustachio
  3497 | D:6      | Found a snail-covered altar of Cheibriados.
  3607 | D:6      | Reached skill level 12 in Axes
  3816 | D:6      | Reached **** piety under Trog
  3956 | D:6      | Reached skill level 13 in Axes
  4592 | D:7      | HP: 2/67 [orc priest/divine providence (12)]
  4609 | D:7      | Reached XP level 9. HP: 13/72 MP: 8/8
  4611 | D:7      | Reached skill level 14 in Axes
  4852 | D:7      | Found a staircase to the Ecumenical Temple.
  5291 | D:7      | Reached skill level 15 in Axes
  5875 | D:8      | Noticed an elephant
  5907 | D:8      | Killed an elephant
  5908 | D:8      | Reached skill level 16 in Axes
  5942 | D:8      | Noticed Joseph
  5962 | D:8      | Killed Joseph
  6114 | D:8      | Found a sand-covered staircase.
  6130 | Ossuary  | Entered an ossuary
  6141 | Ossuary  | Reached XP level 10. HP: 80/80 MP: 9/9
  6352 | Ossuary  | Reached ***** piety under Trog
  6398 | Ossuary  | Reached skill level 17 in Axes
  6590 | D:8      | Found a staircase to the Lair.
  6681 | D:8      | Noticed Grum
  6689 | D:8      | Killed Grum
  6862 | D:8      | Found a hide-covered altar of Uskayaw.
  7044 | D:9      | Paralysed by a hornet for 1 turns
  7048 | D:9      | Reached skill level 18 in Axes
  7225 | D:9      | Found a white marble altar of Elyvilon.
  7355 | D:9      | Found a staircase to the Orcish Mines.
  7387 | D:9      | Reached skill level 19 in Axes
  7649 | D:9      | Found a runed translucent gate.
  7649 | D:9      | Found a runed translucent gate.
  7649 | D:9      | Found a runed translucent gate.
  7649 | D:9      | Noticed anacleto's ghost (novice TrGl)
  7649 | D:9      | Noticed an 11-headed hydra
  8115 | D:9      | Found a glowing golden altar of the Shining One.
  8121 | D:9      | Found a basalt altar of Yredelemnul.
  8123 | D:9      | Noticed a profane servitor
  8129 | D:9      | Noticed an angel
  8187 | D:10     | Entered Level 10 of the Dungeon
  8195 | D:10     | Reached XP level 11. HP: 85/85 MP: 10/10
  8281 | D:10     | Found a radiant altar of Vehumet.
  8299 | D:10     | Noticed Josephine
  8331 | D:10     | Reached skill level 20 in Axes
  8332 | D:10     | Killed Josephine
  8336 | D:10     | Received a gift from Trog
  8732 | D:10     | Found an iron altar of Okawaru.
  8732 | D:10     | Found a blossoming altar of Fedhas.
  9444 | D:11     | Noticed a two-headed ogre
  9462 | D:11     | Killed a two-headed ogre
  9463 | D:11     | Reached skill level 21 in Axes
  9491 | D:11     | Noticed a green ugly thing
  9499 | D:11     | Killed a green ugly thing
 10285 | D:12     | Found a runed translucent gate.
 10287 | D:12     | Found a runed translucent gate.
 10303 | D:12     | Found a runed translucent gate.
 10337 | D:12     | Noticed a deep elf pyromancer
 10357 | D:12     | Killed a deep elf pyromancer
 10557 | D:12     | Noticed a boulder beetle
 10593 | D:12     | Killed a boulder beetle
 10594 | D:12     | Reached skill level 22 in Axes
 10727 | D:12     | Noticed SweetJohnnyV's ghost (journeyman MiBe)
 11054 | Lair:1   | Entered Level 1 of the Lair of Beasts
 11067 | Lair:1   | Reached XP level 12. HP: 80/92 MP: 11/11
 11282 | Lair:1   | Reached skill level 23 in Axes
 11498 | Lair:1   | Received a gift from Trog
 11662 | Lair:1   | Found a transporter.
 11663 | Lair:1   | Found a transporter.
 12338 | Lair:1   | Identified the +8 flail of the Lesser Evil {elec, rF- Str+4
                  | Int+3}
 12391 | Lair:1   | Noticed superradish's ghost (journeyman VSBr)
 12467 | Lair:2   | Noticed Maggie
 12477 | Lair:2   | Killed Maggie
 12478 | Lair:2   | Reached skill level 24 in Axes
 12667 | Lair:2   | Noticed Gastronok
 12684 | Lair:2   | Killed Gastronok
 12918 | Lair:2   | Reached XP level 13. HP: 62/99 MP: 12/12
 13069 | Lair:2   | Reached skill level 25 in Axes
 13598 | Lair:2   | Noticed Harold
 13603 | Lair:2   | Killed Harold
 13928 | Lair:3   | Reached skill level 26 in Axes
 14118 | Lair:3   | Found a hole to the Spider Nest.
 14309 | Lair:3   | Found a staircase to the Swamp.
 14614 | Lair:3   | Reached ****** piety under Trog
 14978 | Lair:3   | Received a gift from Trog
 15097 | Lair:3   | Reached skill level 27 in Axes
 15732 | Lair:3   | Identified a scroll of acquirement
 15733 | Lair:3   | Acquired the +3 hat "Zufonije" {Int+2}
 15754 | Lair:4   | Reached skill level 1 in Long Blades
 15754 | Lair:4   | Reached skill level 1 in Ranged Weapons
 15757 | Lair:4   | Reached skill level 1 in Staves
 15767 | Lair:4   | Reached skill level 1 in Short Blades
 15767 | Lair:4   | Reached skill level 1 in Throwing
 15905 | Lair:4   | Found a frozen archway.
 15911 | Lair:4   | Reached skill level 1 in Unarmed Combat
 15911 | Lair:4   | Reached XP level 14. HP: 105/105 MP: 13/13
 16004 | Lair:4   | Reached skill level 1 in Invocations
 16004 | Lair:4   | Reached skill level 1 in Evocations
 16736 | Lair:4   | Found a viscous altar of Jiyva.
 16736 | Lair:4   | Found a staircase to the Slime Pits.
 16853 | Lair:5   | Entered Level 5 of the Lair of Beasts
 16895 | Lair:5   | Slain by a catoblepas

Illustrated notes

Levels and vault maps discovered:
D:1:      spicycebolla_arrival_risky_transporter, layout_loops_cross,
          ebering_ecumenical_altar_webs, minmay_tree_intersection,
          minmay_tromino_v2
D:2:      layout_loops_cross
D:3:      layout_rooms, nicolae_qazlal_general_emergency
D:4:      layout_loops_ring, nicolae_overflow_crystal_walls,
          lemuel_doored_altar, minmay_misc_feat_five, uniq_edmund, uniq_natasha
D:5:      layout_basic, minmay_holes, minmay_shop_grid_forest,
          minmay_misc_feat_square
D:6:      layout_basic, cheibrodos_worm_habitat, uniq_eustachio
D:7:      layout_cave_pools, minmay_temple_entry_trees
D:8:      layout_rooms, lemuel_crystal_altar, david_lair_generic,
          enter_ossuary_4, uniq_joseph, uniq_grum
D:9:      layout_roguey, grunt_temple_overflow_holy_war, elyvilon_altar_4,
          kennysheep_orc_monster_closet_entryway, gammafunk_ghost_hydra_chop,
          nicolae_underground_beach
D:10:     layout_long_grid, gammafunk_temple_overflow_pools,
          nicolae_vehumet_radiance, serial_bayou_ford_a, uniq_josephine
D:11:     layout_basic, minmay_microvault
D:12:     layout_cave_pools, gammafunk_ghost_icy, drop_trap,
          argonaut_gorgonesque
Lair:1:   layout_layer_cave, nzn_ghost_randoct
Lair:2:   layout_loops_ring, grunt_megastairs_3, uniq_gastronok, uniq_maggie,
          uniq_harold
Lair:3:   kb_forest_paths, layout_chaotic_city, minmay_swamp_entry_reptiles,
          spider_nest_entry_web_field, nicolae_lair_lindhole
Lair:4:   layout_small_grid, dpeg_slime_entry_corner,
          portal_ice_cave_entry_ice_simulacra, evilmike_ambush
          [evilmike_ambush_outer_corners, evilmike_ambush_inner_basic],
          grunt_megastairs_4
Lair:5:   evil_forest, layout_hall_layers, chequers_serial_rivers_small_b

Skill      XL: |  1  2  3  4  5  6  7  8  9 10 11 12 13 14 |
---------------+-------------------------------------------+-----
Axes           | 4 5 6 7 9 11 13 16 19 22 24 27 | 27.0
Fighting       | 4 |  4.4
Long Blades    | 1 2 |  2.5
Ranged Weapons | 1 2 |  2.1
Staves         | 1 2 |  2.2
Short Blades   | 1 2 |  2.0
Throwing       | 1 |  1.8
Unarmed Combat | 1 |  1.9
Invocations    | 1 |  1.8
Evocations     | 1 |  1.6
Armour         | |  2.5
Dodging        | |  2.6
Stealth        | |  0.3

Action                     |  1- 3 |  4- 6 |  7- 9 | 10-12 | 13-15 || total
---------------------------+-------+-------+-------+-------+-------++-------
  Melee: Hand axe          |   106 |    92 |   268 |   285 |       ||   751
         Headbutt          |    11 |    22 |    59 |    99 |    34 ||   225
         Punch             |     1 |       |       |       |       ||     1
         Battleaxe         |       |       |       |   125 |       ||   125
         Executioner's axe |       |       |       |    92 |   240 ||   332
 Invoke: Berserk           |       |     1 |     5 |     6 |     1 ||    13
         Brothers in Arms  |       |       |     1 |     1 |       ||     2
    Use: Scroll            |       |       |    16 |     8 |     6 ||    30
         Potion            |       |       |     3 |     3 |       ||     6
   Stab: Petrified         |       |       |       |       |     2 ||     2
 Armour: Leather armour    |    28 |     4 |       |       |       ||    32
         Animal skin       |     1 |       |       |       |       ||     1
         Plate armour      |       |    43 |   175 |   263 |    70 ||   551
  Dodge: Dodged            |    74 |    50 |   161 |   257 |    98 ||   640
  Block: Kite shield       |       |    14 |   101 |    67 |       ||   182
